 Dungeon Sprint DCSS version 0.22.1-1-ga44c0e5 (webtiles) character file.

0 aMcNicky the Firebug (level 1, -1/10 HPs)
             Began as a Deep Elf Fire Elementalist on Nov 10, 2018.
             Slain by a hell hound (4 damage)
             ... in the Dungeon (Sprint V: "Ziggurat Sprint").
             The game lasted 00:03:24 (110 turns).

aMcNicky the Firebug (Deep Elf Fire Elementalist)    Turns: 110, Time: 00:03:25

Health: -1/10      AC: 17    Str: 17    XL:     1   Next: 0%
Magic:  6/6        EV: -3    Int: 19    God:
Gold:   0          SH: 14    Dex: 15    Spells: 5/6 levels left

rFire    + . .     SeeInvis .   F - +5 quick blade
rCold    + . .     Gourm    .   H - +3 large shield
rNeg     . . .     Faith    .   J - +5 gold dragon scales
rPois    +         Spirit   .   (no helmet)
rElec    .         Reflect  .   (no cloak)
rCorr    .         Harm     .   (no gloves)
MR       .....     NoTele   +   (no boots)
Stlth    ..........             (no amulet)
HPRegen  0.03/turn              s - +6 ring of strength
MPRegen  0.10/turn              S - +6 ring of strength

@: no status effects
A: no striking features
a: no special abilities


You were in the Dungeon.
You were not hungry.

You visited 1 branch

Inventory:

Hand Weapons
 C - the +6 Majin-Bo {vamp, Archmagi MP+6 Int+6}
   (You found it in the Dungeon)

   It inflicts no extra harm, but heals its wielder when it wounds a living foe.
   It affects your intelligence (+6).
   It affects your magic capacity (+6).
 D - the +8 lance "Wyrmbane" {slay drac, rPois rF+ rC+ AC+3}
   (You found it in the Dungeon)

   It affects your AC (+3).
   It protects you from fire.
   It protects you from cold.
   It protects you from poison.
 E - the +7 longbow "Piercer" {penet, EV-2}
   (You found it in the Dungeon)

   Ammo fired by it will pass through the targets it hits, potentially hitting
   all targets in its path until it reaches maximum range.
   It affects your evasion (-2).
 F - a +5 quick blade (weapon)
 G - a +5 lajatang
Armour
 a - a +0 robe
 H - a +3 large shield (worn)
 J - +5 gold dragon scales (worn)
Magical Staves
 A - an uncursed staff of energy
Jewellery
 i - a +6 ring of intelligence
 s - a +6 ring of strength (left hand)
 x - a +6 ring of dexterity
 I - a +6 ring of intelligence
 K - the ring "Zaegumm" {rCorr rElec rPois Str-3 Stlth+}
   (You found it in the Dungeon)

   [ring of resist corrosion]

   It affects your strength (-3).
   It insulates you from electricity.
   It protects you from poison.
   It makes you more stealthy.
 S - a +6 ring of strength (right hand)
 X - a +6 ring of dexterity
Wands
 u - a wand of disintegration (7)
 v - a wand of iceblast (5)
 w - a wand of acid (6)
Scrolls
 o - 4 scrolls of amnesia
 p - 7 scrolls of fog
 q - a scroll of holy word
 r - 5 scrolls of identify {@r1}
 t - 2 scrolls of fear
 y - 4 scrolls of blinking
 z - 5 scrolls of remove curse {@r2}
Potions
 b - 2 potions of brilliance
 d - 10 potions of curing {@q1}
 e - 9 potions of heal wounds {@q2}
 f - 10 potions of haste {@q3}
 g - 7 potions of magic
 h - 3 potions of berserk rage
 j - 2 potions of invisibility
 k - 4 potions of resistance
 l - a potion of experience
 m - 5 potions of agility
 n - 5 potions of might
Miscellaneous
 B - a crystal ball of energy
Comestibles
 c - 7 rations {@e1}


   Skills:
 + Level 0.0 Fighting
 * Level 0.0 Short Blades
 + Level 2.4 Dodging
 - Level 2.4 Stealth
 - Level 3.0 Spellcasting
 + Level 1.1 Conjurations
 + Level 3.2 Fire Magic


You had 5 spell levels left.
You knew the following spells:

 Your Spells              Type           Power        Failure   Level  Hunger
a - Flame Tongue          Conj/Fire      ##...        100%        1    None

Your spell library contained the following spells:

 Spells                   Type           Power        Failure   Level  Hunger
 Throw Flame              Conj/Fire      ##....       100%        2    ##.....
 Conjure Flame            Conj/Fire      ##......     100%        3    ###....
 Inner Flame              Hex/Fire       #.......     100%        3    ###....
 Sticky Flame             Conj/Fire      ##......     100%        4    ####...
 Fireball                 Conj/Fire      ##........   100%        5    ######.


Dungeon Overview and Level Annotations

Branches:
Dungeon (1/1)

Altars:
Ashenzari
Cheibriados
Dithmenos
Elyvilon
Fedhas
Gozag
Hepliaklqana
Kikubaaqudgha
Makhleb
Nemelex Xobeh
Okawaru
Qazlal
Ru
Sif Muna
Trog
Uskayaw
Vehumet
Wu Jian
Xom
Yredelemnul
Zin
The Shining One
Beogh
Jiyva
Lugonu

Annotations:
D 1 transporter


Message History

You block the leopard gecko skeleton's attack.
The iron imp hits you but does no damage.
You block the hell hound's attack.
You hit the iron imp but do no damage.
The iron imp is almost dead.
You block the hell hound's attack.
You block the leopard gecko skeleton's attack.
The iron imp hits you but does no damage.
Your shield and gold dragon scales prevent you from hitting the iron imp.
The iron imp is almost dead.
You block the hell hound's attack.
The leopard gecko skeleton bites you but does no damage.
You hit the iron imp but do no damage.
The iron imp is almost dead.
You block the hell hound's attack. The iron imp hits you.
Ouch! That really hurt!
* * * LOW HITPOINT WARNING * * *
You block the leopard gecko skeleton's attack.
The hell hound bites you.
You die...

▓▓▓▓▓▓▓▓▓▓▓▓▓
▓.8©8.▓.8©8.▓
▓.:!:.▓.....▓
▓.....▓.....▓
▓.....▓.....▓
▓.....▓.....▓
▓.5hZ.▓..©..▓
▓..@..▓▓▓▓▓▓▓
▓▓▓▓▓▓▓


You could see a hell hound, an iron imp and a leopard gecko skeleton.

Vanquished Creatures
  A fire vortex (D)
1 creature vanquished.

Vanquished Creatures (others)
  A spatial maelstrom (D)
  A fire vortex (D)
2 creatures vanquished.

Grand Total: 3 creatures vanquished

Notes
Turn   | Place    | Note
-------+----------+-------------------------------------------
     0 | D        | Found the +6 Majin-Bo {vamp, Archmagi MP+6 Int+6}
     0 | D        | Found the +7 great mace "Firestarter" {inner flame, rF++}
     0 | D        | aMcNicky the Deep Elf Fire Elementalist began the quest for
                  | the Orb.
     0 | D        | Reached XP level 1. HP: 10/10 MP: 6/6
     0 | D        | Found a deep blue altar of Sif Muna.
     0 | D        | Found a sacrificial altar of Ru.
     0 | D        | Found a bloodstained altar of Trog.
     0 | D        | Found a stormy altar of Qazlal.
     0 | D        | Found an iron altar of Okawaru.
     0 | D        | Found a sparkling altar of Nemelex Xobeh.
     0 | D        | Found a blossoming altar of Fedhas.
     2 | D        | Found a transporter.
     2 | D        | Found an ancient bone altar of Kikubaaqudgha.
     2 | D        | Found a viscous altar of Jiyva.
     2 | D        | Found a corrupted altar of Lugonu.
     2 | D        | Found a hazy altar of Hepliaklqana.
     2 | D        | Found a burning altar of Makhleb.
     2 | D        | Found an opulent altar of Gozag.
    12 | D        | Banished a spatial maelstrom
    22 | D        | Found the +9 heavy crossbow "Sniper" {velocity, Acc+∞ SInv}
    22 | D        | Found the +10 dark maul {crush}
    22 | D        | Found the +15 Maxwell's patent armour {-Cast -Tele rElec
                  | MR+ rCorr}
    22 | D        | Found the +18 shield of the Gong {rElec rN+ MR+ EV-5}
    22 | D        | Found the cursed +14 obsidian axe {chop, +Fly SInv *Curse}
    26 | D        | Found the +6 shillelagh "Devastator" {shatter}
    26 | D        | Found the +11 plutonium sword {*Contam Stlth-}
    26 | D        | Found the +8 lance "Wyrmbane" {slay drac, rPois rF+ rC+
                  | AC+3}
    26 | D        | Found the +9 sword of Zonguldrok {reap}
    26 | D        | Found the cursed +13 scythe of Curses {drain, *Curse}
    26 | D        | Found the +0 sword of Power
    26 | D        | Found the +7 mace of Variability {chain chaos}
    26 | D        | Found the +7 Singing Sword
    26 | D        | Found the +7 longbow "Piercer" {penet, EV-2}
    73 | D        | Entered arena 2.
    73 | D        | Found a transporter.
    86 | D        | Got the ring "Zaegumm" {rCorr rElec rPois Str-3 Stlth+}
    92 | D        | Entered arena 3.
    92 | D        | Noticed a hell hound
    92 | D        | Noticed an iron imp
    92 | D        | Found a transporter.
   110 | D        | Slain by a hell hound

Action                   || total
-------------------------++-------
Melee: Quick blade       ||    19
Evoke: Wand              ||     3
  Use: Potion            ||     1
Armor: Gold dragon scale ||    15
Dodge: Dodged            ||     1
Block: Large shield      ||    25
